 Dungeon Sprint DCSS version 0.18.1-50-g88ac8fd (webtiles) character file.

602 Kagutsuchi the Fighter (level 7, -5/73 HPs)
             Began as a Purple Draconian Berserker on Oct 21, 2016.
             Was a Believer of Trog.
             Slain by a flying skull (12 damage)
             ... in the Dungeon (Sprint II: "The Violet Keep of Menkaure").
             The game lasted 00:01:02 (71 turns).

Kagutsuchi the Fighter (Purple Draconian Berserker)   Turns: 71, Time: 00:01:02

Health: -5/73      AC:  6    Str: 20    XL:     7   Next: 18%
Magic:  7/7        EV: 16    Int:  7    God:    Trog [**....]
Gold:   0          SH:  0    Dex: 12    Spells: 0 memorised, 6 levels left

rFire  . . .     SeeInvis .     a - +0 falchion
rCold  . . .     Gourm    .     (armour unavailable)
rNeg   . . .     Faith    .     (no shield)
rPois  .         Spirit   .     (helmet restricted)
rElec  .         Dismiss  .     (no cloak)
rCorr  .         Reflect  .     (no gloves)
SustAt .         Harm     .     (no boots)
MR     +....     NoTele   +     (no amulet)
Stlth  +.........               (no ring)
                                (no ring)

@: somewhat resistant to hostile enchantments, very unstealthy
A: breathe power, unfitting armour, cold-blooded, AC +6
a: Breathe Dispelling Energy, Berserk, Trog's Hand, Burn Spellbooks, Renounce
Religion


You were in the Dungeon.
You worshipped Trog.
Trog was pleased with you.
You were not hungry.

You visited 1 branch

Inventory:

Hand Weapons
 a - a +0 falchion (weapon)
Scrolls
 h - a scroll of blinking
Potions
 e - a potion of haste
 f - 2 potions of magic
 g - a potion of berserk rage
Comestibles
 b - a bread ration


   Skills:
 + Level 10.3 Fighting
 + Level 9.5 Long Blades
 + Level 8.8 Dodging


You had 6 spell levels left.
You didn't know any spells.

Dungeon Overview and Level Annotations

Branches:
Dungeon (1/1)

Altars:


Innate Abilities, Weirdness & Mutations

You can breathe bolts of dispelling energy.
Your rich purple scales are hard (AC +6).
Your body does not fit into most forms of armour.
You are cold-blooded and may be slowed by cold attacks.


Message History

As you open the gate, it creaks loudly!
A flying skull comes into view.
The flying skull barely misses you. The flying skull barely misses you.
The flying skull misses you.
The flying skull hits you but does no damage. x2
Your unstable footing causes you to fumble your attack.
The flying skull closely misses you. x2; The flying skull hits you. x2
The flying skull hits you but does no damage.
The flying skull hits you!
Your unstable footing causes you to fumble your attack.
The flying skull hits you! The flying skull closely misses you.
The flying skull misses you. The flying skull hits you!
Your unstable footing causes you to fumble your attack.
The flying skull hits you. The flying skull hits you!
* * * LOW HITPOINT WARNING * * *
The flying skull completely misses you. The flying skull hits you!
* * * LOW HITPOINT WARNING * * *
You barely miss the flying skull.
Your tail-slap misses the flying skull.
The flying skull hits you!
You die...

##.## .+
+.<.+ .#≈
##.## ##≈#
#†## ≈≈#
##.#.##
≈≈≈#.###.# ≈
#≈##$#.## ≈≈§
#≈≈##'##≈≈≈≈§
#zz@z≈≈≈≈≈≈≈
#zzz#+++#≈≈≈
#§zzzz§.
#.§§zz§§§§#
+.§§§§§§§§§§+
##§§§§§§≈≈§##
##.≈§§§.§##
####+####


You could see 12 flying skulls.

Vanquished Creatures
  2 hippogriffs (D)
  4 necrophages (D)
6 creatures vanquished.

Vanquished Creatures (others)
  A crocodile (D)
1 creature vanquished.

Grand Total: 7 creatures vanquished

Notes
Turn   | Place    | Note
--------------------------------------------------------------
     0 | D        | Kagutsuchi the Draconian Berserker began the quest for the Orb.
     0 | D        | Reached XP level 1. HP: 19/19 MP: 1/1
     1 | D        | Noticed a necrophage
     1 | D        | Noticed a necrophage
     1 | D        | Noticed a necrophage
     1 | D        | Noticed a necrophage
     6 | D        | Killed a necrophage
     6 | D        | Reached skill level 6 in Fighting
     6 | D        | Reached skill level 5 in Long Blades
     6 | D        | Reached skill level 5 in Dodging
     6 | D        | Reached XP level 2. HP: 30/30 MP: 2/2
     6 | D        | Reached XP level 3. HP: 37/37 MP: 3/3
     6 | D        | Reached XP level 4. HP: 44/44 MP: 4/4
     7 | D        | Killed a crocodile
     9 | D        | Killed a necrophage
     9 | D        | Reached skill level 7 in Fighting
     9 | D        | Reached XP level 5. HP: 52/52 MP: 5/5
    12 | D        | Killed a necrophage
    12 | D        | Reached skill level 8 in Fighting
    20 | D        | Killed a necrophage
    20 | D        | Reached skill level 9 in Fighting
    20 | D        | Reached XP level 6. HP: 60/63 MP: 6/6
    23 | D        | Noticed a hippogriff
    23 | D        | Noticed a hippogriff
    33 | D        | Killed a hippogriff
    50 | D        | Killed a hippogriff
    50 | D        | Reached ** piety under Trog
    50 | D        | Reached skill level 10 in Fighting
    50 | D        | Your scales start taking on a rich purple colour.
    50 | D        | Reached XP level 7. HP: 48/73 MP: 7/7
    61 | D        | Noticed a flying skull
    62 | D        | Noticed a flying skull
    62 | D        | Noticed a flying skull
    62 | D        | Noticed a flying skull
    62 | D        | Noticed a flying skull
    62 | D        | Noticed a flying skull
    62 | D        | Noticed a flying skull
    63 | D        | Noticed a flying skull
    63 | D        | Noticed a flying skull
    64 | D        | Noticed a flying skull
    64 | D        | Noticed a flying skull
    66 | D        | Noticed a flying skull
    71 | D        | Slain by a flying skull

Skill      XL: |  1  2  3  4  5  6 |
---------------+-------------------+-----
Fighting       | 6 7 9 10 | 10.3
Long Blades    | 5 7 8 9 |  9.5
Dodging        | 5 6 7 8 |  8.8

Action                   |  1- 3 |  4- 6 |  7- 9 || total
-------------------------+-------+-------+-------++-------
Melee: Falchion          |     4 |    39 |     4 ||    47
       Tailslap          |     1 |     5 |       ||     6
Invok: Berserk           |     1 |       |       ||     1
  Use: Potion            |       |     2 |       ||     2
Armor: Skin              |       |    16 |     3 ||    19
Dodge: Dodged            |     1 |    67 |     8 ||    76
